 Dungeon Crawl Stone Soup version 0.22.1-1-ga44c0e5 (webtiles) character file.

18 whitewolfNL the Insei (level 2, 0/18 HPs)
             Began as an Octopode Transmuter on Sept 20, 2018.
             Succumbed to an adder's poison
             ... on level 2 of the Dungeon.
             The game lasted 00:10:25 (1787 turns).

whitewolfNL the Insei (Octopode Transmuter)         Turns: 1787, Time: 00:10:25

Health: 0/18       AC:  1    Str:  9    XL:     2   Next: 70%
Magic:  5/5        EV: 12    Int: 15    God:
Gold:   62         SH:  3    Dex: 12    Spells: 4/5 levels left

rFire    . . .     SeeInvis .     - Unarmed
rCold    . . .     Gourm    .   f - +0 buckler
rNeg     . . .     Faith    .   (helmet restricted)
rPois    .         Spirit   .   (no amulet)
rElec    .         Reflect  .   (no ring)
rCorr    .         Harm     .   (no ring)
MR       .....                  (no ring)
Stlth    +++.......             (no ring)
HPRegen  0.06/turn              (no ring)
MPRegen  0.09/turn              (no ring)
                                (no ring)
                                (no ring)

@: lethally poisoned (0 -> -7), very slightly contaminated
A: almost no armour, stealthy swim, amphibious, 8 rings, constrict 8, camouflage
1, gelatinous body 1
a: no special abilities


You were on level 2 of the Dungeon.
You were not hungry.

You visited 1 branch of the dungeon, and saw 2 of its levels.

You collected 62 gold pieces.

Inventory:

Missiles
 a - 12 arrows
 e - 32 stones (quivered)
 k - 8 poisoned needles
 m - 15 sling bullets
Armour
 f - a +0 buckler (worn)
Scrolls
 g - a scroll of remove curse {unknown}
 l - a scroll of enchant armour {unknown}
 n - a scroll of teleportation {unknown}
Potions
 d - a potion of curing {unknown}
 h - a potion of brilliance {unknown}
 i - a potion of might {unknown}
 j - 2 potions of heal wounds {unknown}
Comestibles
 c - 4 rations


   Skills:
 * Level 1.1 Fighting
 + Level 2.1 Dodging
 * Level 1.2 Stealth
 + Level 0.4 Shields
 + Level 3.4 Unarmed Combat
 + Level 2.0 Spellcasting
 + Level 2.0 Transmutations


You had 4 spell levels left.
You knew the following spells:

 Your Spells              Type           Power        Failure   Level  Hunger
a - Beastly Appendage     Tmut           #.....       16%         1    #......

Your spell library contained the following spells:

 Spells                   Type           Power        Failure   Level  Hunger
 Sticks to Snakes         Tmut           #.......     22%         2    ###....
 Spider Form              Tmut/Pois      #.........   56%         3    ###....
 Ice Form                 Ice/Tmut       #.......     92%         4    #####..
 Blade Hands              Tmut           #.........   99%         5    ######.


Dungeon Overview and Level Annotations

Branches:
Dungeon (2/15)

Altars:


Innate Abilities, Weirdness & Mutations

You cannot wear most types of armour.
You are very stealthy in the water. (Stealth+)
You are amphibious.
You can wear up to eight rings at the same time.
You can use your tentacles to constrict eight enemies at once.
Your skin changes colour to match your surroundings (Stealth+).
Your rubbery body absorbs attacks. (AC +1, EV +1)


Message History

You feel sick. The bat closely misses you. The bat hits you.
The bat closely misses you. The bat hits you but does no damage.
The adder closely misses you. The goblin closely misses you.
You closely miss the bat. You grab the bat. You squeeze the bat.
You kill the bat!
You feel sick. The bat barely misses you. The bat hits you but does no damage.
The bat hits you. The adder barely misses you. The goblin barely misses you.
The adder barely misses you.
You tentacle-slap the bat.
You kill the bat!
The bat hits you.
* * * LOW HITPOINT WARNING * * *
The goblin barely misses you. The adder bites you.
* * * LOW HITPOINT WARNING * * *
The rat closely misses you.
Blink to where?
Press: ? - help, Dir - move target cursor You are very lightly contaminated with residual magic.
As you read the scroll of blinking, it crumbles to dust.
You die...

.....#
#.##.#
.....#
#..#.#
.....#
##.#.#
######
#...#
##..#
#..# #..#
####.####
#.
#.@.....#
#.
#.###.#.#
.#.. #b#
...#
..... #.#
...#
#....##.#
..<..
#......#
.....#
##....S#
#..#.#
#....rg+
.>#.#
#......†#


You could see an adder, a goblin, a bat and a rat.

Vanquished Creatures
  4 bats (D:2)
  2 goblins (D:2)
  4 hobgoblins
  2 kobolds
  A frilled lizard (D:2)
  5 rats
18 creatures vanquished.

Notes
Turn   | Place    | Note
-------+----------+-------------------------------------------
     0 | D:1      | whitewolfNL the Octopode Transmuter began the quest for the
                  | Orb.
     0 | D:1      | Reached XP level 1. HP: 13/13 MP: 3/3
  1119 | D:2      | Reached XP level 2. HP: 14/18 MP: 5/5
  1240 | D:2      | Reached skill level 1 in Stealth
  1787 | D:2      | Succumbed to an adder's poison

Skill      XL: |  1  2 |
---------------+-------+-----
Stealth        | 1 |  1.2
Fighting       | |  1.1
Dodging        | |  2.1
Shields        | |  0.4
Unarmed Combat | |  3.4
Spellcasting   | |  2.0
Transmutations | |  2.0

Action                   || total
-------------------------++-------
Melee: Unarmed           ||    50
       Constrict         ||    13
       Tentacles         ||     5
 Cast: Beastly Appendage ||     2
  Use: Scroll            ||     2
 Stab: Sleeping          ||     3
  Eat: Ration            ||     1
       Chunk             ||     1
Armor: Skin              ||    16
Dodge: Dodged            ||    30
Block: Buckler           ||    15
